 Dungeon Crawl Stone Soup version 0.22.1-1-ga44c0e5 (webtiles) character file.

124 MalarOregon the Slasher (level 4, 0/41 HPs)
             Began as a Minotaur Berserker on Sept 21, 2018.
             Was a Believer of Trog.
             Slain by a gnoll (4 damage)
             ... on level 3 of the Dungeon.
             The game lasted 00:02:59 (1707 turns).

MalarOregon the Slasher (Minotaur Berserker)        Turns: 1707, Time: 00:02:59

Health: 0/41       AC:  9    Str: 22    XL:     4   Next: 81%
Magic:  3/3        EV:  9    Int:  4    God:    Trog [**....]
Gold:   106        SH:  0    Dex: 10    Spells: 3/3 levels left

rFire    . . .     SeeInvis .   a - +0 falchion
rCold    . . .     Gourm    .   (no shield)
rNeg     . . .     Faith    .   d - +0 chain mail
rPois    .         Spirit   .   (helmet restricted)
rElec    .         Reflect  .   (no cloak)
rCorr    .         Harm     .   (no gloves)
MR       .....                  (no boots)
Stlth    ..........             (no amulet)
HPRegen  0.13/turn              (no ring)
MPRegen  0.08/turn              (no ring)

@: no status effects
A: retaliatory headbutt, horns 2
a: Berserk, Trog's Hand, Renounce Religion


You were on level 3 of the Dungeon.
You worshipped Trog.
Trog was pleased with you.
You were not hungry.

You visited 1 branch of the dungeon, and saw 3 of its levels.

You collected 106 gold pieces.

Inventory:

Hand Weapons
 a - a +0 falchion (weapon)
Armour
 d - a +0 chain mail (worn)
   (You found it on level 1 of the Dungeon)
Scrolls
 b - a scroll of teleportation {unknown}
 g - a scroll of fear {unknown}
 i - a scroll of remove curse {unknown}
 j - 2 scrolls of identify {unknown}
 k - a scroll of amnesia {unknown}
Potions
 f - a potion of berserk rage {unknown}
 h - a potion of agility {unknown}
 l - a potion of heal wounds {unknown}
 m - a potion of degeneration {unknown}
Comestibles
 c - 5 chunks of flesh
 e - 5 rations {!d}


   Skills:
 + Level 4.3 Fighting
 * Level 5.1 Long Blades
 + Level 0.1 Throwing
 + Level 3.5 Armour
 + Level 3.1 Dodging


You had 3 spell levels left.
You didn't know any spells.
Your spell library was empty.

Dungeon Overview and Level Annotations

Branches:
Dungeon (3/15)

Altars:


Innate Abilities, Weirdness & Mutations

You reflexively headbutt those who attack you in melee.
You have a pair of horns on your head.


Message History

Trog accepts your kill.
No target in view!
No target in view!
No target in view!
No target in view!
No target in view!
No target in view!
Eating a chunk of flesh.
You eat the chunk of flesh.
You butcher the worm corpse.
c - 3 chunks of flesh You now have 106 gold pieces (gained 14).
There is a stone staircase leading up here.
You butcher the bat corpse.
c - 4 chunks of flesh (gained 1)
You butcher the giant cockroach corpse.
c - 5 chunks of flesh (gained 1)
Found a stone staircase leading down and a stone staircase leading up.
Found a stone staircase leading down.
e - 5 rations {!d} (gained 1)
There is a stone staircase leading down here.
Found a stone staircase leading up.
A gnoll comes into view.
The gnoll shouts!
You hear a shout!
A gnoll comes into view. It is wielding a club.
A gnoll comes into view. It is wielding a flail.
The gnoll shouts!
The gnoll moves out of view.
A gnoll comes into view. It is wielding a halberd.
The gnoll shouts!
The gnoll hits you.
You hit the gnoll. You headbutt the gnoll.
The gnoll hits you but does no damage. The gnoll hits you with a club.
You slash the gnoll!
You kill the gnoll!
Trog accepts your kill. The gnoll barely misses you.
The gnoll closely misses you.
You hit the gnoll.
The gnoll hits you but does no damage. x2
The gnoll misses you. The gnoll hits you.
You closely miss the gnoll. The gnoll hits you with a flail.
* * * LOW HITPOINT WARNING * * *
The gnoll hits you but does no damage. The gnoll closely misses you.
You furiously retaliate!
You headbutt the gnoll!
Your chain mail prevents you from hitting the gnoll.
You headbutt the gnoll, but do no damage.
The gnoll hits you with a flail!
* * * LOW HITPOINT WARNING * * *
The gnoll hits you from afar with a halberd!
* * * LOW HITPOINT WARNING * * *
The gnoll hits you.
You die...

#...# .
#...########
...#...........
.......>#######
..##.##..## #.
##..# #. #..##
##..# #@.#
#..gg.....#
.....g.......#
####.......<.#
#.........#
###########


You could see 3 gnolls.

Vanquished Creatures
  An orc priest (D:2)
  A gnoll (D:3)
  2 adders (D:2)
  An ooze (D:1)
  A worm (D:3)
  A dart slug (D:1)
  A leopard gecko (D:2)
  4 orcs (D:2)
  6 bats
  A giant cockroach (D:3)
  7 goblins
  7 hobgoblins
  4 jackals (D:1)
  3 kobolds (D:2)
  3 quokkas
  5 frilled lizards
  7 rats
55 creatures vanquished.

Notes
Turn   | Place    | Note
-------+----------+-------------------------------------------
     0 | D:1      | MalarOregon the Minotaur Berserker began the quest for the
                  | Orb.
     0 | D:1      | Reached XP level 1. HP: 19/19 MP: 0/0
    21 | D:1      | Reached XP level 2. HP: 15/27 MP: 1/1
    89 | D:1      | Reached skill level 4 in Long Blades
   255 | D:1      | Reached XP level 3. HP: 33/33 MP: 2/2
   475 | D:2      | Reached ** piety under Trog
   531 | D:2      | Reached XP level 4. HP: 6/40 MP: 3/3
  1373 | D:2      | Reached skill level 5 in Long Blades
  1707 | D:3      | Slain by a gnoll

Skill      XL: |  1  2  3  4 |
---------------+-------------+-----
Long Blades    | 4 5 |  5.1
Fighting       | 4 |  4.3
Armour         | 3 |  3.5
Dodging        | 3 |  3.1
Throwing       | |  0.1

Action                   |  1- 3 |  4- 6 || total
-------------------------+-------+-------++-------
Melee: Falchion          |    61 |    51 ||   112
       Headbutt          |    11 |    12 ||    23
  Eat: Chunk             |       |     3 ||     3
Armor: Animal skin       |     4 |       ||     4
       Chain mail        |    23 |    23 ||    46
Dodge: Dodged            |    40 |    20 ||    60
       Rpst.: Falchion   |    12 |     4 ||    16
